 Dungeon Crawl Stone Soup version 0.29.1-13-g9f3cf754e1 (webtiles) character file.

Game seed: 2677275623839985546

170 DemonSlayer the Digger (level 5, -1/38 HPs)
             Began as a Demonspawn Earth Elementalist on Jan 25, 2023.
             Slain by Menkaure (13 damage)
             ... on level 4 of the Dungeon.
             The game lasted 00:07:48 (4305 turns).

DemonSlayer the Digger (DsEE)                       Turns: 4305, Time: 00:07:49

Health: -1/38      AC:  7    Str: 10    XL:     5   Next: 25%
Magic:  9/10       EV: 11    Int: 16    God:
Gold:   184        SH:  5    Dex: 14    Spells: 0/10 levels left

rFire   . . .      SeeInvis .   d - +0 mace
rCold   . . .      Faith    .   j - +2 buckler
rNeg    . . .      Spirit   .   l - +0 leather armour
rPois   .          Reflect  .   (no helmet)
rElec   .          Harm     .   k - +1 cloak
rCorr   .          Rampage  .   (no gloves)
Will    .....                   (no boots)
Stlth   ++........              (no amulet)
HPRegen 0.12/turn               (no ring)
MPRegen 0.12/turn               (no ring)

@: no status effects
A: rugged brown scales 2, foul stench 1
a: no special abilities


You were on level 4 of the Dungeon.
You visited 1 branch of the dungeon, and saw 4 of its levels.

You collected 184 gold pieces.

Inventory:

Hand Weapons
 d - a +0 mace (weapon)
Missiles
 e - a throwing net
 q - 10 poisoned darts
Armour
 j - a +2 buckler (worn)
 k - a +1 cloak (worn)
 l - a +0 leather armour (worn)
Scrolls
 g - a scroll of fear {unknown}
 h - a scroll of teleportation {unknown}
 i - a scroll of magic mapping {unknown}
 m - a scroll of vulnerability {unknown}
Potions
 a - a potion of haste {unknown}
 b - 3 potions of magic
 c - 2 potions of cancellation
 f - a potion of curing
 n - a potion of lignification
 o - a potion of berserk rage {unknown}
 p - a potion of brilliance {unknown}


   Skills:
 + Level 1.1 Fighting
 + Level 0.3 Maces & Flails
 + Level 0.4 Armour
 + Level 1.8 Dodging
 + Level 2.1 Stealth
 + Level 3.4 Spellcasting
 + Level 0.8 Transmutations
 + Level 4.1 Earth Magic


You couldn't memorise any spells.
You knew the following spells:

 Your Spells              Type           Power      Damage    Failure   Level
a - Sandblast             Erth           30%        2d9       6%          1
b - Passwall              Tmut/Erth      8%         N/A       19%         2
c - Stone Arrow           Conj/Erth      18%        3d8       41%         3
d - Petrify               Tmut/Erth      10%        N/A       75%         4

Your spell library contained the following spells:

 Spells                   Type           Power      Damage    Failure   Level


Dungeon Overview and Level Annotations

Branches:
Dungeon (4/15)
 Temple: D:4-7

Altars:

Annotations:
D:4 Menkaure


Innate Abilities, Weirdness & Mutations

You are mostly covered in rugged brown scales. (AC +2, +5% HP)
You may rarely emit foul miasma when damaged in melee.


Message History

r - a scroll of identify
As you read the scroll of identify, it crumbles to dust.
f - a potion of curing Menkaure, Prince of Dust comes into view.
Menkaure shouts!
Menkaure is nearby!
Menkaure is nearby!
Menkaure is nearby!
You start waiting.
Menkaure is nearby!
The blast of sand hits Menkaure.
Menkaure is lightly damaged.
Menkaure barely misses you.
The blast of sand hits Menkaure but does no damage.
Menkaure is lightly damaged.
Menkaure hits you.
Casting: Sandblast (safe; 6% risk of failure)
Confirm with . or Enter, or press ? or * to list all spells.
Okay, then.
You hit Menkaure.
Menkaure is moderately damaged.
Menkaure hits you. Menkaure hits you!
You sock Menkaure!
Menkaure is severely damaged.
Menkaure casts a spell.
Menkaure seems to speed up.
You barely miss Menkaure.
Menkaure is severely damaged.
Menkaure calls on the powers of darkness!
Your body is wracked with pain!
* * * LOW HITPOINT WARNING * * *
Menkaure barely misses you.
You hit Menkaure but do no damage.
Menkaure is severely damaged.
Menkaure casts a spell at you.
You barely resist. You closely miss Menkaure.
Menkaure is severely damaged.
Menkaure hits you!
You die...

#########
.M......#
########M##
.......@..#
.########..#
...........#
.#######...#
#.#######...#
............#
#.#######...#
..........#
#####.#.#.#####


You could see Menkaure (fast).

Vanquished Creatures
  Jessica (D:2)
  3 adders
  3 gnolls (D:2)
  3 worms
  A dart slug (D:1)
  An orc (D:3)
  10 ball pythons
  7 bats
  9 endoplasms
  3 giant cockroaches
  9 hobgoblins
  3 quokkas
  5 frilled lizards
  9 goblins
  2 kobolds
  5 rats
74 creatures vanquished.

Notes
Turn   | Place    | Note
-------+----------+-------------------------------------------
     0 | D:1      | DemonSlayer the Demonspawn Earth Elementalist began the
                  | quest for the Orb.
     0 | D:1      | Reached XP level 1. HP: 13/13 MP: 3/3
   117 | D:1      | Reached skill level 3 in Earth Magic
   120 | D:1      | Gained mutation: You may rarely emit foul miasma when
                  | damaged in melee. [demonic ancestry]
   120 | D:1      | Reached XP level 2. HP: 14/19 MP: 0/5
   123 | D:1      | Learned a level 2 spell: Passwall
   642 | D:1      | Gained mutation: You are partially covered in rugged brown
                  | scales. (AC +1, +3% HP) [demonic ancestry]
   642 | D:1      | Reached XP level 3. HP: 19/24 MP: 0/6
  1913 | D:2      | Gained mutation: You are mostly covered in rugged brown
                  | scales. (AC +2, +5% HP) [demonic ancestry]
  1913 | D:2      | Reached XP level 4. HP: 25/32 MP: 5/8
  2096 | D:2      | Reached skill level 1 in Fighting
  2277 | D:2      | Noticed Jessica
  2280 | D:2      | Killed Jessica
  3242 | D:3      | Reached XP level 5. HP: 38/38 MP: 7/9
  3263 | D:3      | Reached skill level 4 in Earth Magic
  3539 | D:3      | Found a faded altar of an unknown god.
  4129 | D:3      | Learned a level 3 spell: Stone Arrow
  4134 | D:3      | Learned a level 4 spell: Petrify
  4291 | D:4      | Noticed Menkaure
  4305 | D:4      | Slain by Menkaure

Illustrated notes

Levels and vault maps discovered:
D:1:      dpeg_arrival_refuge, layout_basic, minmay_circled_x
D:2:      minmay_skewed_foursquare, layout_loops_corners,
          grunt_decor_mini_mirrors, minmay_misc_feat_x, uniq_jessica
D:3:      layout_loops_ring, hellmonk_ecumenical_altar_inner_sanctum,
          kennysheep_generic_room_16
D:4:      layout_basic, kennysheep_small_square, uniq_blork_the_orc,
          uniq_menkaure, uniq_pikel

Skill      XL: |  1  2  3  4  5 |
---------------+----------------+-----
Earth Magic    | 3 4 |  4.1
Stealth        | 2 |  2.1
Spellcasting   | 3 |  3.4
Fighting       | 1 |  1.1
Maces & Flails | |  0.3
Armour         | |  0.4
Dodging        | |  1.8
Transmutations | |  0.8

Action                   |  1- 3 |  4- 6 || total
-------------------------+-------+-------++-------
Melee: Mace              |    16 |    10 ||    26
       Punch             |     1 |       ||     1
 Cast: Sandblast         |    49 |    59 ||   108
  Use: Scroll            |     3 |     2 ||     5
Armor: Robe              |     6 |       ||     6
       Leather armour    |     2 |    13 ||    15
Dodge: Dodged            |    14 |    16 ||    30
Block: Buckler           |     2 |    10 ||    12
